AoeStats
← Silvarop

Arabia

508613904Analyzed
4v4 RM · 9d ago on Sep 23, 2026· 39m 52s· 8 players
Game mode
Random Map
Map size
Large (8 player)
Population
200
Speed
Normal
Resources
Standard
Victory
Conquest
Starting age
Dark Age
Ending age
Imperial Age
RankedLock teamsTeams togetherTeam positionsShared explorationLock speedFull tech treeHidden civsTurbo modeCheats
Victory
Defeat
🇵🇪 Vikings · Peru
866
+12
🇦🇷 Japanese · Argentina
815
+14
🇹🇼 Poles · Taiwan
760
+17
🇪🇸 Bulgarians · Spain
640
+22
🇹🇷 Franks · Türkiye
821
-18
🇫🇷 Britons · France
788
-17
🇪🇸 Portuguese · Spain
750
-15
🇭🇺 Burgundians · Hungary
749
-15
Zeus89
11:42 Feudal Age
14:37 Horse Collar
16:13 Double-Bit Axe
25:12 Castle Age
26:31 Stone Mining
26:32 Gold Mining
27:01 Bow Saw
27:19 Caravan
27:51 Coinage
27:21 Pikeman
29:00 Scale Mail Armor
28:50 Fletching
29:01 Padded Archer Armor
34:18 Imperial Age
31:42 Man-at-Arms
32:08 Gambesons
33:18 Crossbowman
34:04 Thumb Ring
35:30 Arbalester
35:39 Elite Skirmisher
35:48 Long Swordsman
37:05 Two-Handed Swordsman
NomadRider5217
0:45 Loom
12:51 Feudal Age
14:04 Double-Bit Axe
23:32 Gold Mining
25:56 Castle Age
25:49 Fletching
26:06 Crossbowman
sz_kristof
4:33 Wheelbarrow
5:15 Horse Collar
13:07 Feudal Age
13:51 Heavy Plow
20:24 Hand Cart
21:17 Gold Mining
27:38 Castle Age
26:25 Scale Barding Armor
27:42 Crossbowman
ryioze
10:59 Feudal Age
10:11 Loom
11:25 Double-Bit Axe
19:28 Castle Age
18:27 Gold Mining
24:25 Husbandry
28:14 Gold Shaft Mining
27:58 Stone Mining
28:21 Bow Saw
29:30 Forging
29:26 Scale Barding Armor
34:35 Iron Casting
34:20 Chain Barding Armor
35:23 Masonry
35:09 Murder Holes
38:38 Imperial Age
36:11 Ordonnance Companies
Silvarop
0:28 Loom
13:50 Feudal Age
14:44 Double-Bit Axe
16:16 Wheelbarrow
15:37 Horse Collar
16:51 Town Watch
23:14 Scale Mail Armor
23:25 Forging
25:37 Castle Age
24:57 Gold Mining
25:04 Arson
26:32 Bow Saw
26:37 Squires
26:22 Gambesons
27:17 Iron Casting
26:59 Chain Mail Armor
29:47 Hand Cart
29:33 Town Patrol
29:38 Heavy Plow
30:20 Gold Shaft Mining
30:33 Stone Mining
33:17 Scale Barding Armor
35:41 Stone Shaft Mining
38:41 Imperial Age
40:47 Blast Furnace
40:18 Plate Mail Armor
JOY BOY
0:41 Loom
11:23 Feudal Age
12:15 Double-Bit Axe
14:23 Horse Collar
17:41 Castle Age
17:58 Forging
18:32 Heavy Plow
22:18 Fletching
22:53 Squires
22:39 Arson
22:59 Scale Mail Armor
23:36 Bow Saw
27:41 Chain Mail Armor
30:26 Gold Mining
你媽
8:44 Loom
11:02 Feudal Age
14:14 Bloodlines
14:39 Double-Bit Axe
17:50 Horse Collar
22:14 Castle Age
20:59 Wheelbarrow
21:20 Scale Barding Armor
23:05 Husbandry
23:28 Chain Barding Armor
24:08 Bow Saw
24:12 Heavy Plow
27:53 Gold Mining
29:44 Hand Cart
30:05 Stone Mining
30:45 Forging
35:05 Imperial Age
32:54 Szlachta Privileges
33:13 Caravan
34:11 Town Watch
35:33 Iron Casting
36:49 Crop Rotation
38:25 Cavalier
40:40 Blast Furnace
trieukhom
3:00 Loom
12:12 Feudal Age
12:43 Double-Bit Axe
13:37 Horse Collar
16:04 Stone Mining
18:18 Castle Age
17:19 Gold Mining
21:21 Wheelbarrow
28:43 Imperial Age
26:51 Squires
26:38 Arson
27:03 Scale Mail Armor
27:37 Forging
31:21 Chain Mail Armor
31:43 Iron Casting
30:44 Capped Ram
32:48 Heavy Plow
35:00 Conscription
35:01 Kataparuto
Connection lost

Rejoining the realm…

Still unreachable

The connection could not be restored.

Session expired

The server has moved on; the page needs a fresh start.